General information
- name: BNet
- type: Ladder team game (AT/RT)
- host: Battle.net
- saver: kodo-vs-grubby
map: Sanctuary_LV
- players: 8
- length: 14:17
- speed: Fast
- version: 1.29 W3XP
- replay type: Public
» download(188 KB)
Players
team 1 (loser)

»
GAGOOOOOOOOOOOO (
green | 149 APM | 2123 actions | 14:17)
4 Demon Hunter
2 Evasion
2 Mana Burn
1 Priestess of the Moon
1 Trueshot Aura
» actions
| Assign group hotkey | 35 | |
| Basic commands | 132 | |
| Build / train | 53 | |
| ESC pressed | 7 | |
| Enter build submenu | 17 | |
| Enter hero's abilities submenu | 6 | |
| Give item / drop item | 2 | |
| Right click | 595 | |
| Select / deselect | 416 | |
| Select group hotkey | 800 | |
| Use ability | 60 | |
2123 total
» units
| Wisp | 16 | |
| Archer | 5 | |
| Dryad | 3 | |
| Druid of the Claw | 5 | |
29 total
» upgrades
| Druid of the Claw Training | 2 | |
| Ultravision | 1 | |
| Abolish Magic | 1 | |
| Strength of the Wild | 2 | |
6 total
» buildings
| Altar of Elders | 1 | |
| Ancient of War | 1 | |
| Moon Well | 7 | |
| Tree of Ages | 2 | |
| Hunter's Hall | 1 | |
| Ancient of Lore | 2 | |
| Ancient of Wonders | 1 | |
| Tree of Eternity | 2 | |
17 total
» build order
00:06 Altar of Elders
00:16 Ancient of War
00:30 Moon Well
02:09 Moon Well
03:25 Tree of Ages
03:25 Tree of Ages
03:50 Hunter's Hall
04:52 Moon Well
05:48 Ancient of Lore
05:50 Ancient of Lore
05:53 Ancient of Wonders
06:43 Tree of Eternity
06:43 Tree of Eternity
08:36 Moon Well
11:12 Moon Well
11:13 Moon Well
12:03 Moon Well
» items
| Healing Salve | 1 | |
| Lesser Clarity Potion | 1 | |
| Scroll of Speed | 1 | |
3 total
GANJAKING (
pink | 97 APM | 1327 actions | 13:43)
3 Blademaster
1 Wind Walk
2 Critical Strike
1 Shadow Hunter
1 Hex
» actions
| Assign group hotkey | 36 | |
| Basic commands | 78 | |
| Build / train | 42 | |
| Enter build submenu | 20 | |
| Enter hero's abilities submenu | 4 | |
| Give item / drop item | 1 | |
| Right click | 549 | |
| Select / deselect | 174 | |
| Select group hotkey | 361 | |
| Use ability | 62 | |
1327 total
» units
| Peon | 9 | |
| Grunt | 7 | |
| Shaman | 2 | |
| Tauren | 3 | |
21 total
» upgrades
| Shaman Training | 2 | |
| Pulverize | 1 | |
| Armor | 1 | |
4 total
» buildings
| Altar of Storms | 1 | |
| Orc Burrow | 6 | |
| Voodoo Lounge | 1 | |
| Barracks | 1 | |
| Stronghold | 1 | |
| War Mill | 1 | |
| Watch Tower | 4 | |
| Fortress | 1 | |
| Spirit Lodge | 1 | |
| Tauren Totem | 1 | |
| Great Hall | 1 | |
19 total
» build order
00:10 Altar of Storms
00:36 Orc Burrow
00:56 Voodoo Lounge
01:31 Barracks
01:45 Orc Burrow
02:01 Orc Burrow
03:17 Stronghold
03:50 War Mill
05:02 Watch Tower
05:04 Watch Tower
05:49 Fortress
06:18 Spirit Lodge
07:02 Watch Tower
07:23 Orc Burrow
08:00 Orc Burrow
08:04 Watch Tower
08:57 Tauren Totem
11:37 Great Hall
13:15 Orc Burrow
» items
| Healing Salve | 3 | |
| Lesser Clarity Potion | 1 | |
| Orb of Lightning | 1 | |
| Scroll of Town Portal | 1 | |
6 total

»
JayNova08 (
teal | 102 APM | 1463 actions | 14:17)
1 Death Knight
1 Death Coil
3 Dreadlord
2 Sleep
1 Vampiric Aura
» actions
| Assign group hotkey | 79 | |
| Basic commands | 16 | |
| Build / train | 56 | |
| Enter build submenu | 23 | |
| Enter hero's abilities submenu | 4 | |
| Remove unit from queue | 3 | |
| Right click | 719 | |
| Select / deselect | 213 | |
| Select group hotkey | 285 | |
| Use ability | 65 | |
1463 total
» units
| Acolyte | 8 | |
| Ghoul | 3 | |
| Crypt Fiend | 12 | |
| Obsidian Statue | 3 | |
26 total
» upgrades
| Creature Attack | 2 | |
| Web | 1 | |
| Destroyer Form | 0 | |
3 total
» buildings
| Crypt | 1 | |
| Altar of Darkness | 1 | |
| Ziggurat | 11 | |
| Graveyard | 1 | |
| Nerubian Tower | 3 | |
| Tomb of Relics | 2 | |
| Halls of the Dead | 1 | |
| Necropolis | 1 | |
| Spirit Tower | 5 | |
| Slaughterhouse | 1 | |
| Black Citadel | 2 | |
| Sacrificial Pit | 1 | |
30 total
» build order
00:06 Crypt
00:10 Altar of Darkness
00:20 Ziggurat
00:52 Graveyard
01:15 Nerubian Tower
01:25 Ziggurat
02:14 Tomb of Relics
04:01 Ziggurat
06:26 Halls of the Dead
07:23 Ziggurat
07:24 Ziggurat
07:27 Necropolis
07:37 Ziggurat
07:39 Ziggurat
07:42 Tomb of Relics
08:14 Spirit Tower
08:18 Nerubian Tower
08:28 Spirit Tower
08:30 Nerubian Tower
08:34 Ziggurat
09:22 Ziggurat
09:25 Spirit Tower
09:29 Ziggurat
10:02 Ziggurat
10:20 Slaughterhouse
10:24 Black Citadel
10:24 Black Citadel
11:34 Spirit Tower
11:42 Spirit Tower
11:52 Sacrificial Pit
» items
| Rod of Necromancy | 2 | |
| Scroll of Town Portal | 1 | |
| Potion of Healing | 2 | |
5 total
kodo-vs-grubby (
yellow | 53 APM | 751 actions | 14:17)
2 Paladin
1 Holy Light
1 Divine Shield
» actions
| Assign group hotkey | 20 | |
| Basic commands | 3 | |
| Build / train | 43 | |
| Enter build submenu | 18 | |
| Enter hero's abilities submenu | 2 | |
| Give item / drop item | 1 | |
| Right click | 250 | |
| Select / deselect | 133 | |
| Select group hotkey | 236 | |
| Use ability | 45 | |
751 total
» units
| Peasant | 13 | |
| Goblin Shredder | 2 | |
| Gryphon Rider | 3 | |
18 total
» upgrades
| Masonry | 3 | |
| Swords | 2 | |
| Armor | 2 | |
| Animal War Training | 1 | |
8 total
» buildings
| Altar of Kings | 1 | |
| Farm | 10 | |
| Lumber Mill | 1 | |
| Arcane Vault | 1 | |
| Town Hall | 1 | |
| Scout Tower | 11 | |
| Guard Tower | 5 | |
| Keep | 1 | |
| Blacksmith | 1 | |
| Castle | 2 | |
| Gryphon Aviary | 3 | |
| Barracks | 1 | |
38 total
» build order
00:07 Altar of Kings
00:21 Farm
01:22 Farm
01:40 Lumber Mill
01:46 Arcane Vault
02:27 Farm
03:59 Town Hall
04:03 Scout Tower
04:03 Scout Tower
04:04 Scout Tower
04:05 Scout Tower
04:52 Guard Tower
05:45 Keep
05:55 Scout Tower
05:55 Scout Tower
05:56 Scout Tower
05:59 Scout Tower
06:00 Scout Tower
06:01 Scout Tower
06:35 Guard Tower
06:35 Guard Tower
06:40 Blacksmith
06:48 Scout Tower
06:59 Guard Tower
07:09 Farm
07:10 Farm
07:11 Farm
07:12 Farm
07:29 Guard Tower
08:07 Castle
08:07 Castle
08:10 Gryphon Aviary
08:11 Gryphon Aviary
08:12 Gryphon Aviary
08:22 Barracks
08:45 Farm
09:49 Farm
10:20 Farm
» items
| Scroll of Regeneration | 1 | |
| Scroll of Town Portal | 2 | |
| Potion of Mana | 1 | |
| Lesser Clarity Potion | 1 | |
| Staff of Teleportation | 1 | |
6 total
team 2 (winner)

»
SugaryIces (
blue | 84 APM | 1206 actions | 14:17)
2 Archmage
1 Blizzard
1 Brilliance Aura
2 Mountain King
1 Storm Bolt
1 Bash
2 Paladin
1 Holy Light
1 Divine Shield
» actions
| Assign group hotkey | 19 | |
| Basic commands | 8 | |
| Build / train | 60 | |
| ESC pressed | 1 | |
| Enter build submenu | 36 | |
| Enter hero's abilities submenu | 6 | |
| Give item / drop item | 1 | |
| Right click | 629 | |
| Select / deselect | 256 | |
| Select group hotkey | 132 | |
| Use ability | 58 | |
1206 total
» units
» upgrades
| Masonry | 3 | |
| Lumber Harvesting | 2 | |
| Storm Hammers | 1 | |
| Animal War Training | 1 | |
| Swords | 1 | |
| Armor | 2 | |
10 total
» buildings
| Altar of Kings | 1 | |
| Farm | 6 | |
| Lumber Mill | 1 | |
| Scout Tower | 13 | |
| Arcane Tower | 2 | |
| Guard Tower | 7 | |
| Keep | 1 | |
| Arcane Vault | 1 | |
| Blacksmith | 2 | |
| Castle | 1 | |
| Barracks | 1 | |
| Gryphon Aviary | 4 | |
| Town Hall | 3 | |
43 total
» build order
00:11 Altar of Kings
00:20 Farm
01:05 Lumber Mill
01:19 Farm
01:29 Scout Tower
01:30 Scout Tower
01:36 Scout Tower
01:56 Arcane Tower
01:59 Farm
02:11 Guard Tower
02:24 Scout Tower
02:26 Scout Tower
02:32 Guard Tower
03:04 Keep
03:15 Guard Tower
03:21 Guard Tower
03:34 Arcane Vault
03:56 Blacksmith
03:58 Blacksmith
05:34 Castle
05:39 Barracks
05:41 Gryphon Aviary
05:54 Gryphon Aviary
05:56 Gryphon Aviary
06:09 Farm
06:56 Farm
09:37 Scout Tower
09:38 Scout Tower
09:38 Scout Tower
09:39 Scout Tower
09:48 Scout Tower
09:58 Town Hall
10:05 Guard Tower
10:08 Guard Tower
10:13 Arcane Tower
10:14 Guard Tower
11:55 Gryphon Aviary
13:02 Farm
14:09 Town Hall
14:09 Scout Tower
14:10 Scout Tower
14:14 Town Hall
14:16 Scout Tower
» items
| Scroll of Regeneration | 2 | |
| Lesser Clarity Potion | 2 | |
| Scroll of Town Portal | 1 | |
| Scroll of Healing | 1 | |
| Scroll of Protection | 1 | |
7 total
showbobs (
red | 168 APM | 2399 actions | 14:17)
3 Archmage
2 Summon Water Elemental
1 Brilliance Aura
2 Pandaren Brewmaster
1 Breath of Fire
1 Drunken Haze
» actions
| Assign group hotkey | 85 | |
| Basic commands | 76 | |
| Build / train | 66 | |
| ESC pressed | 2 | |
| Enter build submenu | 31 | |
| Enter hero's abilities submenu | 5 | |
| Give item / drop item | 6 | |
| Right click | 1051 | |
| Select / deselect | 249 | |
| Select group hotkey | 701 | |
| Use ability | 126 | |
2399 total
» units
| Peasant | 14 | |
| Footman | 5 | |
| Goblin Shredder | 2 | |
| Flying Machine | 1 | |
| Siege Engine | 7 | |
29 total
» upgrades
| Defend | 1 | |
| Masonry | 1 | |
| Gunpowder | 3 | |
| Plating | 2 | |
7 total
» buildings
| Altar of Kings | 2 | |
| Barracks | 1 | |
| Farm | 11 | |
| Town Hall | 1 | |
| Lumber Mill | 1 | |
| Scout Tower | 7 | |
| Arcane Vault | 1 | |
| Keep | 2 | |
| Arcane Tower | 2 | |
| Guard Tower | 4 | |
| Blacksmith | 1 | |
| Castle | 2 | |
| Workshop | 5 | |
40 total
» build order
00:05 Altar of Kings
00:09 Altar of Kings
00:19 Barracks
00:34 Farm
00:59 Farm
01:54 Farm
01:56 Farm
02:35 Farm
03:08 Town Hall
03:27 Lumber Mill
03:51 Scout Tower
03:53 Scout Tower
04:29 Arcane Vault
05:06 Scout Tower
05:06 Scout Tower
05:10 Scout Tower
05:11 Scout Tower
05:13 Scout Tower
06:04 Keep
06:04 Keep
06:05 Arcane Tower
06:08 Guard Tower
06:23 Arcane Tower
06:27 Guard Tower
07:15 Guard Tower
07:16 Guard Tower
07:17 Blacksmith
07:29 Farm
07:30 Farm
07:30 Farm
07:31 Farm
07:32 Farm
07:32 Farm
08:30 Castle
08:31 Castle
08:33 Workshop
08:36 Workshop
08:39 Workshop
08:46 Workshop
08:47 Workshop
» items
| Scroll of Regeneration | 2 | |
| Lesser Clarity Potion | 4 | |
| Scroll of Town Portal | 1 | |
| Potion of Lesser Invulnerability | 1 | |
| Boots of Speed | 1 | |
9 total

»
SKiZZNiZZ (
orange | 69 APM | 985 actions | 14:17)
4 Archmage
2 Summon Water Elemental
2 Brilliance Aura
2 Mountain King
1 Storm Bolt
1 Thunder Clap
» actions
| Assign group hotkey | 32 | |
| Basic commands | 62 | |
| Build / train | 63 | |
| Enter build submenu | 24 | |
| Enter hero's abilities submenu | 6 | |
| Right click | 357 | |
| Select / deselect | 189 | |
| Select group hotkey | 213 | |
| Use ability | 39 | |
985 total
» units
| Peasant | 20 | |
| Footman | 7 | |
| Gryphon Rider | 6 | |
33 total
» upgrades
| Lumber Harvesting | 2 | |
| Masonry | 2 | |
| Armor | 2 | |
| Swords | 2 | |
| Animal War Training | 1 | |
| Storm Hammers | 1 | |
10 total
» buildings
| Farm | 7 | |
| Altar of Kings | 1 | |
| Barracks | 1 | |
| Town Hall | 1 | |
| Scout Tower | 5 | |
| Lumber Mill | 1 | |
| Arcane Tower | 2 | |
| Arcane Vault | 1 | |
| Keep | 1 | |
| Blacksmith | 1 | |
| Guard Tower | 4 | |
| Castle | 1 | |
| Gryphon Aviary | 2 | |
28 total
» build order
00:07 Farm
00:11 Altar of Kings
00:20 Farm
00:24 Barracks
01:44 Farm
03:08 Town Hall
03:18 Scout Tower
03:25 Lumber Mill
03:58 Arcane Tower
03:58 Arcane Tower
04:02 Scout Tower
04:11 Arcane Vault
04:48 Keep
05:05 Farm
05:30 Blacksmith
06:15 Scout Tower
06:18 Farm
06:26 Scout Tower
06:27 Farm
06:32 Guard Tower
06:33 Scout Tower
06:47 Guard Tower
06:50 Farm
07:25 Castle
07:30 Guard Tower
07:54 Gryphon Aviary
08:05 Gryphon Aviary
08:28 Guard Tower
» items
| Scroll of Regeneration | 1 | |
| Potion of Healing | 1 | |
| Orb of Fire | 1 | |
| Scroll of Healing | 1 | |
4 total

»
yoJRwhatRthose. (
purple | 39 APM | 551 actions | 14:17)
4 Demon Hunter
2 Immolation
2 Evasion
» actions
| Build / train | 71 | |
| Enter build submenu | 19 | |
| Enter hero's abilities submenu | 4 | |
| Remove unit from queue | 4 | |
| Right click | 243 | |
| Select / deselect | 173 | |
| Use ability | 37 | |
551 total
» units
| Wisp | 24 | |
| Archer | 8 | |
| Huntress | 12 | |
| Dryad | 7 | |
51 total
» upgrades
| Strength of the Moon | 2 | |
| Moon Armor | 2 | |
| Strength of the Wild | 1 | |
| Reinforced Hides | 1 | |
| Abolish Magic | 1 | |
| Sentinel | 1 | |
8 total
» buildings
| Altar of Elders | 1 | |
| Moon Well | 7 | |
| Ancient of War | 1 | |
| Hunter's Hall | 1 | |
| Tree of Ages | 2 | |
| Tree of Life | 1 | |
| Ancient Protector | 4 | |
| Ancient of Lore | 1 | |
| Tree of Eternity | 1 | |
| Ancient of Wonders | 1 | |
20 total
» build order
00:21 Altar of Elders
00:26 Moon Well
00:31 Ancient of War
01:45 Moon Well
02:24 Hunter's Hall
03:27 Moon Well
04:19 Moon Well
06:34 Tree of Ages
06:52 Tree of Life
07:49 Moon Well
08:12 Ancient Protector
09:00 Ancient of Lore
11:52 Moon Well
11:54 Tree of Eternity
12:16 Ancient Protector
12:21 Ancient Protector
12:25 Ancient Protector
13:49 Tree of Ages
13:54 Ancient of Wonders
14:02 Moon Well
Chat log
(00:12 / Allies) JayNova08: ty
(00:17 / Allies) JayNova08: ganja do you rush every game?
(00:25 / Allies) JayNova08: been on the receiving end of quite a few
(00:26 / Allies) GANJAKING: not this one
(00:43 / Allies) JayNova08: cuz map and natural expo or?
(00:52 / Allies) GANJAKING: rush on rush maps
(00:54 / Allies) GANJAKING: smaller maps
(00:57 / Allies) GANJAKING: duh
(00:59 / Allies) JayNova08: word word
(01:07 / Allies) GAGOOOOOOOOOOOO: how about this map?
(01:09 / Allies) GANJAKING: no
(01:10 / Allies) GAGOOOOOOOOOOOO: cc or push t2
(01:12 / Allies) JayNova08: the man says no
(01:14 / Allies) GANJAKING: if i dont spam rush in the beginning
(02:03 / All) showbobs: scoopidy woop poop
(02:53 / All) GANJAKING: cmon bro
(04:21 / Allies) GAGOOOOOOOOOOOO: i can help you pink
(04:25 / Allies) GAGOOOOOOOOOOOO: go creep
(04:27 / Allies) GAGOOOOOOOOOOOO: i save you
(04:34 / All) GANJAKING: didnt get one peon
(05:25 / All) GAGOOOOOOOOOOOO: ?
(05:28 / Allies) GANJAKING: mid
(05:37 / Allies) GAGOOOOOOOOOOOO: i send archers
(05:38 / Allies) kodo-vs-grubby: i swear to god my peons dont stay building my expos since patch
(05:54 / Allies) GANJAKING: creep
(05:57 / Allies) GAGOOOOOOOOOOOO: ye
(05:59 / Allies) GAGOOOOOOOOOOOO: i need heal
(06:12 / Allies) GANJAKING: wher ur hero
(06:22 / Allies) kodo-vs-grubby: me heals
(06:54 / All) kodo-vs-grubby: red mh?
(07:02 / All) showbobs: ?
(07:22 / All) kodo-vs-grubby: u hitting pinks base when he leaves
(07:29 / Allies) GAGOOOOOOOOOOOO: just because he attacks a noob at a good timing doesnt mean he mh
(08:53 / Allies) GANJAKING: wood?
(08:58 / Allies) GANJAKING: ty
(09:57 / Allies) GANJAKING: units soon?
(10:01 / Allies) kodo-vs-grubby: soon, friend
(10:03 / Allies) GANJAKING: i got sham lust otw
(10:05 / Allies) GANJAKING: n taur
(10:09 / Allies) GANJAKING: OMW
(10:25 / Allies) GAGOOOOOOOOOOOO: ive got bears
(10:26 / Allies) GAGOOOOOOOOOOOO: xd
(10:29 / Allies) GANJAKING: heal ur bear
(10:40 / Allies) GANJAKING: mid gogo
(10:48 / Allies) GAGOOOOOOOOOOOO: i was just there
(10:51 / Allies) GAGOOOOOOOOOOOO: NO ONE ELSE WAS
(11:14 / Allies) GANJAKING: web
(11:26 / Allies) GANJAKING: b
(11:33 / Allies) GAGOOOOOOOOOOOO: run
(11:49 / Allies) GAGOOOOOOOOOOOO: stop moving your dk
(11:50 / Allies) GAGOOOOOOOOOOOO: teal
(12:19 / Allies) GANJAKING: all group
(12:21 / Allies) GAGOOOOOOOOOOOO: lez go
(12:30 / Allies) GAGOOOOOOOOOOOO: dont get chokeed
(12:32 / Allies) GANJAKING: OMW
(12:39 / Allies) GANJAKING: wheres aa
(12:42 / Allies) GANJAKING: ewb
(12:49 / Allies) GANJAKING: b
(12:51 / Allies) GANJAKING: u guys like bums
(12:53 / Allies) GANJAKING: this ones over
(13:13 / Allies) GAGOOOOOOOOOOOO: dont run too far pink
(13:20 / Allies) GAGOOOOOOOOOOOO: you know we need to group up
(13:25 / Allies) GANJAKING: fight near tower
(13:27 / Allies) GANJAKING: all go
(13:30 / All) kodo-vs-grubby: HACKER GANJA DOWN'
(13:35 / Allies) GANJAKING: yay
(13:36 / Allies) GANJAKING: a tker:D
(13:37 / All) GANJAKING: lol
(13:39 / All) kodo-vs-grubby: KODO #1
(13:40 / All) GANJAKING: hacker lmfao
(13:41 / All) kodo-vs-grubby: BITCH
(13:42 / All) GANJAKING: this guy a fan
(13:43 / All) GANJAKING: :D
(13:55 / All) showbobs: kodo is a mexican
(14:16 / All) kodo-vs-grubby: pink just whispered me, said he "doesnt hack anymore"